 Dungeon Crawl Stone Soup version 0.27-a0-1548-gf8a67e7463 (webtiles) character file.

Game seed: 9531811725669995781

109 BorisBritva the Skirmisher (level 4, 0/50 HPs)
             Began as an Ogre Monk on July 13, 2021.
             Was a Believer of Makhleb.
             Succumbed to a scorpion's poison
             ... on level 4 of the Dungeon on July 14, 2021.
             The game lasted 00:07:32 (3246 turns).

BorisBritva the Skirmisher (Ogre Monk)              Turns: 3246, Time: 00:07:33

Health: 0/50       AC:  3    Str: 16    XL:     4   Next: 90%
Magic:  4/4        EV: 10    Int: 11    God:    Makhleb [**....]
Gold:   178        SH:  0    Dex: 11    Spells: 3/3 levels left

rFire    . . .     SeeInvis .   a - +0 hand axe
rCold    . . .     Faith    .   (no shield)
rNeg     . . .     Spirit   .   b - +0 robe
rPois    .         Reflect  .   (helmet restricted)
rElec    .         Harm     .   k - scarf {shadows}
rCorr    .         Rampage  .   (gloves unavailable)
Will     .....                  (boots unavailable)
Stlth    ++........             (no amulet)
HPRegen  0.16/turn              h - ring of ice
MPRegen  0.09/turn              j - ring of fire

@: lethally poisoned (0 -> 0)
A: large, unfitting armour, tough skin 1
a: Renounce Religion, Minor Destruction


You were on level 4 of the Dungeon.
You worshipped Makhleb.
Makhleb was pleased with you.
You visited 1 branch of the dungeon, and saw 4 of its levels.

You collected 178 gold pieces.

Inventory:

Hand Weapons
 a - a +0 hand axe (weapon)
Armour
 b - a +0 robe (worn)
 k - a scarf of shadows (worn)
Jewellery
 f - an amulet of magic regeneration
 h - a ring of ice (left hand)
 j - a ring of fire (right hand)
Wands
 l - a wand of iceblast (8)
Scrolls
 c - 2 scrolls of identify
 e - a scroll of enchant armour
 i - 2 scrolls of noise {unknown}
 o - a scroll of magic mapping {unknown}
 p - 2 scrolls of teleportation {unknown}
Potions
 d - 2 potions of might {unknown}
 g - a potion of curing {unknown}
 m - 2 potions of flight {unknown}
 n - a potion of magic {unknown}


   Skills:
 * Level 5.1 Fighting
 + Level 4.1 Axes
 + Level 3.4 Dodging
 - Level 1.4 Stealth
 * Level 0.3 Invocations


You had 3 spell levels left.
You didn't know any spells.
Your spell library was empty.

Dungeon Overview and Level Annotations

Branches:
Dungeon (4/15)
 Temple: D:4-7

Altars:
Gozag
Kikubaaqudgha
Makhleb
Nemelex Xobeh

Annotations:
D:3 1 runed translucent door, askman's ghost, amateur DsFi


Innate Abilities, Weirdness & Mutations

You are too large for most types of armour.
You have tough skin. (AC +1)


Message History

The scorpion is heavily wounded.
The scorpion stings you.
You are poisoned.
The scorpion poisons you!
You hit the scorpion but do no damage.
The scorpion is heavily wounded.
You feel very sick. The scorpion stings you.
You are too injured to fight recklessly!
You are too injured to fight recklessly!
You are too injured to fight recklessly!
You are too injured to fight recklessly!
You are too injured to fight recklessly!
You closely miss the scorpion.
The scorpion is heavily wounded.
You feel very sick. The scorpion barely misses you. x2
You hit the scorpion.
The scorpion is severely wounded.
You feel sick. The scorpion barely misses you.
You barely miss the scorpion.
The scorpion is severely wounded.
You feel sick. The scorpion closely misses you.
You barely miss the scorpion.
The scorpion is severely wounded.
You feel sick. The scorpion stings you.
* * * LOW HITPOINT WARNING * * *
The scorpion stings you.
* * * LOW HITPOINT WARNING * * *
You hit the scorpion but do no damage.
The scorpion is severely wounded.
You feel sick. The scorpion stings you.
* * * LOW HITPOINT WARNING * * *
You closely miss the scorpion.
The scorpion is severely wounded.
You feel sick. The scorpion stings you.
* * * LOW HITPOINT WARNING * * *
You hit the scorpion.
The scorpion is almost dead.
You die...

#. #. ##. ##
.. .# #.##.#
#..?.# #s@..#
#.#.## #.#.#
#.#.#.#
#.....####
..........#
.####.###.#
...###.####
............#


You could see a scorpion.

Vanquished Creatures
  A hound skeleton (D:4)
  A gnoll (D:1)
  An adder (D:2)
  3 dart slugs (D:1)
  4 orcs
  4 ball pythons
  4 bats
  4 endoplasms
  2 giant cockroaches
  6 goblins
  12 hobgoblins
  6 jackals (D:1)
  2 quokkas
  A frilled lizard (D:2)
  5 kobolds
  4 rats
60 creatures vanquished.

Notes
Turn   | Place    | Note
-------+----------+-------------------------------------------
     0 | D:1      | BorisBritva the Ogre Monk began the quest for the Orb.
     0 | D:1      | Reached XP level 1. HP: 24/24 MP: 1/1
   210 | D:1      | Reached XP level 2. HP: 31/32 MP: 2/2
   417 | D:1      | Reached XP level 3. HP: 40/40 MP: 3/3
  1451 | D:2      | Reached XP level 4. HP: 22/49 MP: 4/4
  1774 | D:2      | Found a burning altar of Makhleb.
  2224 | D:2      | Found a faded altar of an unknown god.
  2404 | D:2      | Became a worshipper of Makhleb the Destroyer
  2404 | D:2      | Reached * piety under Makhleb
  2404 | D:2      | Reached ** piety under Makhleb
  2555 | D:3      | Found an ancient bone altar of Kikubaaqudgha.
  2601 | D:3      | Found a sparkling altar of Nemelex Xobeh.
  2602 | D:3      | Found an opulent altar of Gozag.
  2714 | D:3      | Found a runed translucent door.
  2716 | D:3      | Noticed askman's ghost (amateur DsFi)
  2833 | D:3      | Reached skill level 5 in Fighting
  3227 | D:4      | Noticed a scorpion
  3245 | D:4      | HP: 2/50 [poisoned by a scorpion]
  3246 | D:4      | Succumbed to a scorpion's poison

Illustrated notes

Levels and vault maps discovered:
D:1:      elethiomel_arrival_shortcut, layout_loops_corners
D:2:      layout_loops_cross, basic_altar, shapermc_ecumenical_altar_mp_vishouse
D:3:      layout_rooms, grunt_temple_overflow_opulence,
          mainiacjoe_overflow_alcove_2, ebering_ghost_sewer_d
D:4:      layout_basic, gammafunk_temple_overflow_arena, serial_shops,
          nicolae_shop_window_shopping, kennysheep_generic_room_10

Skill      XL: |  1  2  3  4 |
---------------+-------------+-----
Dodging        | 3 |  3.4
Axes           | 4 |  4.1
Fighting       | 5 |  5.1
Stealth        | |  1.4
Invocations    | |  0.3

Action                   |  1- 3 |  4- 6 || total
-------------------------+-------+-------++-------
Melee: Hand axe          |   108 |   113 ||   221
  Use: Scroll            |       |     1 ||     1
 Stab: Sleeping          |     5 |     3 ||     8
Armor: Robe              |    23 |    20 ||    43
Dodge: Dodged            |    60 |    56 ||   116

Table legend: (Time is in decaauts)
 A = Elapsed time spent in this place.
 B = Non-inter-level travel time spent in this place.
 C = Inter-level travel time spent in this place.
 D = Time resting spent in this place.
 E = Time spent auto-exploring this place.
 F = Levels seen in this place.
 G = Mean time per level.
                   A        B        C        D        E       F      G
               +--------+--------+--------+--------+--------+-----+--------+
         Total |   3269 |   3115 |    154 |      0 |   2651 |   4 |  817.2 |
       Dungeon |   3269 |   3115 |    154 |      0 |   2651 |   4 |  817.2 |
               +--------+--------+--------+--------+--------+-----+--------+

Top non-repeatable levels by time:
     D:1: 1387 daAuts
     D:2: 1040 daAuts
     D:3: 739 daAuts
     D:4: 102 daAuts
